TOP OF THE 1ST |
Stanford University Cardinal batting - Pitching for University of North Carolina at Chapel Hill Tar Heels : LHP Francisco Guerra
|
Pitching: LHP Francisco Guerra
|
|
Batting: RHB John Van der Linden
|
0-0: Called Strike 0-1: SINGLE (Groundball, 56D, EV 106.2 MPH)
|
Batting: RHB Joe Gabriel
|
0-0: Called Strike 0-1: Ball 1-1: Ball 2-1: SINGLE (Flyball, 6D, EV 92.5 MPH) John Van der Linden to second
|
Batting: RHB Brian Spry
|
0-0: Ball 1-0: Ball 2-0: Ball 3-0: Called Strike 3-1: Fielders Choice at 2nd, 3-6 (Groundball, 34, EV 88.1 MPH) John Van der Linden to third
|
Batting: LHB Jason Duda
|
0-0: Ball 1-0: Swinging Strike 1-1: Ball 2-1: Foul Ball, location: 2F 2-2: Ball 3-2: Base on Balls Brian Spry to second
|
Batting: RHB Gary Preston
|
0-0: Called Strike 0-1: Called Strike 0-2: Ball 1-2: Ball 2-2: Foul Ball, location: 2F 2-2: Ball 3-2: Foul Ball, location: 2F 3-2: Strikes out looking
|
Batting: RHB Teh-huai Jiang
|
0-0: Ground out 5-3 (Groundball, 5S, EV 90.6 MPH)
|
Top of the 1st over - 0 runs, 2 hits, 0 errors, 3 left on base; Stanford University 0 - University of North Carolina at Chapel Hill 0 |
BOTTOM OF THE 1ST |
University of North Carolina at Chapel Hill Tar Heels batting - Pitching for Stanford University Cardinal : RHP Warren Waldman
|
Pitching: RHP Warren Waldman
|
|
Batting: RHB Bill Atley
|
0-0: Called Strike 0-1: Ball 1-1: Ball 2-1: DOUBLE (Line Drive, 7LM, EV 113.1 MPH)
|
Batting: SHB Ryan Marsh
|
0-0: Ball 1-0: Foul Ball, location: 2F 1-1: Ground out 6-3 (Groundball, 6, EV 83.1 MPH) Bill Atley to third
|
Batting: SHB Sam Fredrick
|
0-0: Foul Ball, location: 2F 0-1: Swinging Strike 0-2: Ball 1-2: Ball 2-2: Strikes out swinging
|
Batting: RHB Jeremy Rollins
|
0-0: Fly out, F8 (Flyball, 8RD, EV 110.0 MPH)
|
Bottom of the 1st over - 0 runs, 1 hit, 0 errors, 1 left on base; Stanford University 0 - University of North Carolina at Chapel Hill 0 |
TOP OF THE 2ND |
Stanford University Cardinal batting - Pitching for University of North Carolina at Chapel Hill Tar Heels : LHP Francisco Guerra
|
Batting: LHB Danny Roberts
|
0-0: Called Strike 0-1: Called Strike 0-2: Ball 1-2: Strikes out swinging
|
Batting: LHB Bryan Davidson
|
0-0: Ball 1-0: Ball 2-0: Foul Ball, location: 2F 2-1: Swinging Strike 2-2: Foul Ball, location: 2F 2-2: Strikes out swinging, 2-3 out at first.
|
Batting: RHB Josh Benefield
|
0-0: Fly out, F8 (Flyball, 78D, EV 110.0 MPH)
|
Top of the 2nd over - 0 runs, 0 hits, 0 errors, 0 left on base; Stanford University 0 - University of North Carolina at Chapel Hill 0 |
BOTTOM OF THE 2ND |
University of North Carolina at Chapel Hill Tar Heels batting - Pitching for Stanford University Cardinal : RHP Warren Waldman
|
Batting: SHB Jim Saxon
|
0-0: Swinging Strike 0-1: Called Strike 0-2: Ball 1-2: Ball 2-2: Strikes out swinging
|
Batting: RHB Tan Halit
|
0-0: Ball 1-0: Ball 2-0: Swinging Strike 2-1: Foul Ball, location: 2F 2-2: Ground out 3-1 (Groundball, 34, EV 102.5 MPH)
|
Batting: RHB Tony Jennings
|
0-0: Foul Ball, location: 2F 0-1: Called Strike 0-2: Foul Ball, location: 2F 0-2: Strikes out swinging
|
Bottom of the 2nd over - 0 runs, 0 hits, 0 errors, 0 left on base; Stanford University 0 - University of North Carolina at Chapel Hill 0 |
TOP OF THE 3RD |
Stanford University Cardinal batting - Pitching for University of North Carolina at Chapel Hill Tar Heels : LHP Francisco Guerra
|
Batting: RHB John Van der Linden
|
0-0: Foul Ball, location: 2F 0-1: Foul Ball, location: 2F 0-2: Ball 1-2: SOLO HOME RUN (Flyball, 78XD, EV 108.1 MPH), Distance : 415 ft
|
Batting: RHB Joe Gabriel
|
0-0: Fly out, F6 (Popup, 6S, EV 63.8 MPH)
|
Batting: RHB Brian Spry
|
0-0: Ball 1-0: Ball 2-0: Reached on error, E6 (Groundball, 6, EV 99.4 MPH)
|
Batting: LHB Jason Duda
|
0-0: Ball 1-0: Ball 2-0: Foul Ball, location: 2F 2-1: Ball 3-1: DOUBLE (Line Drive, 89D, EV 100.6 MPH) Brian Spry to third Runner from 3rd tries for Home, SAFE, no throw by RF
|
Batting: RHB Gary Preston
|
0-0: Ball 1-0: Fly out, F5 (Popup, 25F, EV 81.2 MPH)
|
Batting: RHB Teh-huai Jiang
|
0-0: Fly out, F8 (Flyball, 8LM, EV 96.2 MPH)
|
Top of the 3rd over - 2 runs, 2 hits, 1 error, 1 left on base; Stanford University 2 - University of North Carolina at Chapel Hill 0 |
BOTTOM OF THE 3RD |
University of North Carolina at Chapel Hill Tar Heels batting - Pitching for Stanford University Cardinal : RHP Warren Waldman
|
Batting: RHB Mike Storey
|
0-0: Called Strike 0-1: Foul Ball, location: 2F 0-2: Foul Ball, location: 2F 0-2: Ball 1-2: Ball 2-2: Strikes out looking
|
Batting: RHB Brandon Wilson
|
0-0: Ball 1-0: Called Strike 1-1: Foul Ball, location: 2F 1-2: Ball 2-2: Strikes out swinging
|
Batting: RHB Bill Atley
|
0-0: Foul Ball, location: 2F 0-1: Called Strike 0-2: Ground out 6-3 (Groundball, 6, EV 107.5 MPH)
|
Bottom of the 3rd over - 0 runs, 0 hits, 0 errors, 0 left on base; Stanford University 2 - University of North Carolina at Chapel Hill 0 |
TOP OF THE 4TH |
Stanford University Cardinal batting - Pitching for University of North Carolina at Chapel Hill Tar Heels : LHP Francisco Guerra
|
Batting: LHB Danny Roberts
|
0-0: Ball 1-0: Fly out, F8 (Line Drive, 8RD, EV 89.4 MPH)
|
Batting: LHB Bryan Davidson
|
0-0: Ball 1-0: Swinging Strike 1-1: Foul Ball, location: 2F 1-2: Foul Ball, location: 2F 1-2: Ground out 6-3 (Groundball, 6, EV 85.0 MPH)
|
Batting: RHB Josh Benefield
|
0-0: DOUBLE (Line Drive, 7LS, EV 105.6 MPH)
|
Batting: RHB John Van der Linden
|
0-0: Foul Ball, location: 2F 0-1: Ball 1-1: Ball 2-1: Called Strike 2-2: Foul Ball, location: 2F 2-2: Ball 3-2: Foul Ball, location: 2F 3-2: Ground out 3-1 (Groundball, 34, EV 108.8 MPH)
|
Top of the 4th over - 0 runs, 1 hit, 0 errors, 1 left on base; Stanford University 2 - University of North Carolina at Chapel Hill 0 |
BOTTOM OF THE 4TH |
University of North Carolina at Chapel Hill Tar Heels batting - Pitching for Stanford University Cardinal : RHP Warren Waldman
|
Batting: SHB Ryan Marsh
|
0-0: Ball 1-0: SINGLE (Groundball, 4D, EV 95.0 MPH)
|
Batting: SHB Sam Fredrick
|
0-0: Ball 1-0: Foul Ball, location: 2F 1-1: Ball 2-1: Grounds into double play, 5-4-3 (Groundball, 5, EV 87.5 MPH)
|
Batting: RHB Jeremy Rollins
|
0-0: Foul Ball, location: 2F 0-1: Called Strike 0-2: SINGLE (Line Drive, 56, EV 95.6 MPH)
|
Batting: SHB Jim Saxon
|
0-0: Ball 1-0: Called Strike 1-1: Foul Ball, location: 2F 1-2: Ground out 4-3 (Groundball, 4, EV 103.1 MPH)
|
Bottom of the 4th over - 0 runs, 2 hits, 0 errors, 1 left on base; Stanford University 2 - University of North Carolina at Chapel Hill 0 |
TOP OF THE 5TH |
Stanford University Cardinal batting - Pitching for University of North Carolina at Chapel Hill Tar Heels : LHP Francisco Guerra
|
Batting: RHB Joe Gabriel
|
0-0: Ball 1-0: Ball 2-0: Called Strike 2-1: Foul Ball, location: 2F 2-2: Ball 3-2: Ground out 6-3 (Groundball, 6, EV 108.1 MPH)
|
Batting: RHB Brian Spry
|
0-0: Ball 1-0: Foul Ball, location: 2F 1-1: Called Strike 1-2: Ball 2-2: Ball 3-2: Foul Ball, location: 2F 3-2: Fly out, F8 (Flyball, 8RD, EV 101.2 MPH)
|
Batting: LHB Jason Duda
|
0-0: Ball 1-0: Ball 2-0: Called Strike 2-1: DOUBLE (Groundball, 3L, EV 105.0 MPH)
|
Pitching: RHP C.J. Dombrowski
|
|
Batting: RHB Gary Preston
|
0-0: Called Strike 0-1: Foul Ball, location: 2F 0-2: Foul Ball, location: 2F 0-2: Ball 1-2: Foul Ball, location: 2F 1-2: Ball 2-2: Foul Ball, location: 2F 2-2: Foul Ball, location: 2F 2-2: Foul Ball, location: 2F 2-2: Strikes out swinging
|
Top of the 5th over - 0 runs, 1 hit, 0 errors, 1 left on base; Stanford University 2 - University of North Carolina at Chapel Hill 0 |
BOTTOM OF THE 5TH |
University of North Carolina at Chapel Hill Tar Heels batting - Pitching for Stanford University Cardinal : RHP Warren Waldman
|
Batting: RHB Tan Halit
|
0-0: Ball 1-0: Foul Ball, location: 2F 1-1: Called Strike 1-2: Ball 2-2: Foul Ball, location: 2F 2-2: Ball 3-2: Base on Balls
|
Batting: RHB Tony Jennings
|
0-0: Called Strike 0-1: Ball 1-1: Foul Ball, location: 2F 1-2: Ball 2-2: Ball 3-2: Strikes out swinging
|
Batting: RHB Mike Storey
|
0-0: Ball 1-0: Ball 2-0: Foul Ball, location: 2F 2-1: Ball 3-1: Foul Ball, location: 2F 3-2: Foul Ball, location: 2F 3-2: Foul Ball, location: 2F 3-2: Fly out, F7 (Line Drive, 7D, EV 98.1 MPH)
|
Batting: RHB Brandon Wilson
|
0-0: Called Strike 0-1: Foul Ball, location: 2F 0-2: Strikes out swinging
|
Bottom of the 5th over - 0 runs, 0 hits, 0 errors, 1 left on base; Stanford University 2 - University of North Carolina at Chapel Hill 0 |
TOP OF THE 6TH |
Stanford University Cardinal batting - Pitching for University of North Carolina at Chapel Hill Tar Heels : RHP C.J. Dombrowski
|
Batting: RHB Teh-huai Jiang
|
0-0: Foul Ball, location: 2F 0-1: Called Strike 0-2: Ground out 1-3 (Groundball, 13, EV 66.9 MPH)
|
Batting: LHB Danny Roberts
|
0-0: Called Strike 0-1: Ball 1-1: Ball 2-1: Ball 3-1: Called Strike 3-2: Fly out, F2 (Popup, 2LF, EV 89.4 MPH)
|
Batting: LHB Bryan Davidson
|
0-0: Ground out U3 (Groundball, 34, EV 85.0 MPH)
|
Top of the 6th over - 0 runs, 0 hits, 0 errors, 0 left on base; Stanford University 2 - University of North Carolina at Chapel Hill 0 |
BOTTOM OF THE 6TH |
University of North Carolina at Chapel Hill Tar Heels batting - Pitching for Stanford University Cardinal : RHP Warren Waldman
|
Batting: RHB Bill Atley
|
0-0: Called Strike 0-1: Ball 1-1: Foul Ball, location: 2F 1-2: Ground out 4-3 (Groundball, 34, EV 86.2 MPH)
|
Pitching: RHP Andy Swan
|
|
Batting: SHB Ryan Marsh
|
0-0: Ball 1-0: Ball 2-0: Fly out, F6 (Popup, 4MD, EV 45.6 MPH)
|
Batting: SHB Sam Fredrick
|
0-0: Ball 1-0: Swinging Strike 1-1: Fly out, F8 (Flyball, 78M, EV 90.0 MPH)
|
Bottom of the 6th over - 0 runs, 0 hits, 0 errors, 0 left on base; Stanford University 2 - University of North Carolina at Chapel Hill 0 |
TOP OF THE 7TH |
Stanford University Cardinal batting - Pitching for University of North Carolina at Chapel Hill Tar Heels : RHP C.J. Dombrowski
|
Pitching: RHP Jason Kaelber
|
|
Batting: RHB Josh Benefield
|
0-0: Ground out 6-3 (Groundball, 6, EV 82.5 MPH)
|
Batting: RHB John Van der Linden
|
0-0: Ball 1-0: Fly out, F7 (Line Drive, 7D, EV 101.9 MPH)
|
Batting: RHB Joe Gabriel
|
0-0: Ball 1-0: Ball 2-0: Fly out, F8 (Flyball, 8LS, EV 73.8 MPH)
|
Top of the 7th over - 0 runs, 0 hits, 0 errors, 0 left on base; Stanford University 2 - University of North Carolina at Chapel Hill 0 |
BOTTOM OF THE 7TH |
University of North Carolina at Chapel Hill Tar Heels batting - Pitching for Stanford University Cardinal : RHP Andy Swan
|
Pitching: LHP Carlton Hookway
|
|
Batting: RHB Jeremy Rollins
|
0-0: Ball 1-0: Ball 2-0: Foul Ball, location: 2F 2-1: Foul Ball, location: 2F 2-2: Ground out 1-3 (Groundball, 15, EV 67.5 MPH)
|
Batting: SHB Jim Saxon
|
0-0: Ball 1-0: Called Strike 1-1: Ball 2-1: Called Strike 2-2: Strikes out swinging
|
Batting: RHB Tan Halit
|
0-0: Called Strike 0-1: SINGLE (Groundball, 34D, EV 96.9 MPH)
|
Batting: RHB Tony Jennings
|
0-0: Ball 1-0: Called Strike 1-1: Ball 2-1: Ball 3-1: Called Strike 3-2: Strikes out swinging
|
Bottom of the 7th over - 0 runs, 1 hit, 0 errors, 1 left on base; Stanford University 2 - University of North Carolina at Chapel Hill 0 |
TOP OF THE 8TH |
Stanford University Cardinal batting - Pitching for University of North Carolina at Chapel Hill Tar Heels : RHP Jason Kaelber
|
Batting: RHB Brian Spry
|
0-0: Ball 1-0: Called Strike 1-1: Swinging Strike 1-2: Ball 2-2: Ground out 6-3 (Groundball, 56D, EV 88.8 MPH)
|
Batting: LHB Jason Duda
|
0-0: Ball 1-0: Ball 2-0: Foul Ball, location: 2F 2-1: Foul Ball, location: 2F 2-2: Foul Ball, location: 2F 2-2: Foul Ball, location: 2F 2-2: Ball 3-2: Foul Ball, location: 2F 3-2: Strikes out swinging
|
Batting: RHB Gary Preston
|
0-0: Called Strike 0-1: Swinging Strike 0-2: Strikes out swinging
|
Top of the 8th over - 0 runs, 0 hits, 0 errors, 0 left on base; Stanford University 2 - University of North Carolina at Chapel Hill 0 |
BOTTOM OF THE 8TH |
University of North Carolina at Chapel Hill Tar Heels batting - Pitching for Stanford University Cardinal : LHP Carlton Hookway
|
Pitching: LHP Joe Alverson
|
|
Batting: RHB Mike Storey
|
0-0: DOUBLE (Flyball, 9LD, EV 107.5 MPH)
|
Batting: RHB Brandon Wilson
|
0-0: Ball 1-0: Called Strike 1-1: Called Strike 1-2: Ball 2-2: Strikes out swinging
|
Batting: RHB Bill Atley
|
0-0: Ball 1-0: Ball 2-0: Ball 3-0: Base on Balls
|
Batting: SHB Ryan Marsh
|
0-0: Ball 1-0: Called Strike 1-1: Foul Ball, location: 2F 1-2: Ball 2-2: Strikes out swinging
|
Batting: SHB Sam Fredrick
|
0-0: Ball 1-0: Ball 2-0: Swinging Strike 2-1: Foul Ball, location: 2F 2-2: Ball 3-2: Fly out, F7 (Flyball, 78D, EV 80.6 MPH)
|
Bottom of the 8th over - 0 runs, 1 hit, 0 errors, 2 left on base; Stanford University 2 - University of North Carolina at Chapel Hill 0 |
TOP OF THE 9TH |
Stanford University Cardinal batting - Pitching for University of North Carolina at Chapel Hill Tar Heels : RHP Jason Kaelber
|
Pitching: RHP Ted Hurley
|
|
Batting: RHB Teh-huai Jiang
|
0-0: Ball 1-0: Ball 2-0: Called Strike 2-1: Foul Ball, location: 2F 2-2: Ball 3-2: Base on Balls
|
Batting: LHB Danny Roberts
|
0-0: Swinging Strike 0-1: Swinging Strike 0-2: Ball 1-2: Ball Wild Pitch! Teh-huai Jiang to second 2-2: Strikes out looking
|
Batting: LHB Bryan Davidson
|
0-0: Intentional Walk
|
Batting: RHB Josh Benefield
|
0-0: Ball 1-0: Ball 2-0: Called Strike 2-1: Swinging Strike 2-2: Strikes out looking
|
Batting: RHB John Van der Linden
|
0-0: Ball 1-0: Ball 2-0: Swinging Strike 2-1: Ball 3-1: Called Strike 3-2: Foul Ball, location: 2F 3-2: Foul Ball, location: 2F 3-2: Strikes out looking
|
Top of the 9th over - 0 runs, 0 hits, 0 errors, 2 left on base; Stanford University 2 - University of North Carolina at Chapel Hill 0 |
BOTTOM OF THE 9TH |
University of North Carolina at Chapel Hill Tar Heels batting - Pitching for Stanford University Cardinal : LHP Joe Alverson
|
Pitching: LHP Larry Steen
|
|
Batting: RHB Jeremy Rollins
|
0-0: Foul Ball, location: 2F 0-1: Swinging Strike 0-2: Fly out, F2 (Popup, 5SF, EV 76.2 MPH)
|
Batting: SHB Jim Saxon
|
0-0: Ball 1-0: Called Strike 1-1: Ball 2-1: Ball 3-1: SINGLE (Line Drive, 7S, EV 110.6 MPH)
|
Batting: RHB Tan Halit
|
0-0: Ball 1-0: Foul Ball, location: 2F 1-1: Fielders Choice at 2nd, 4-6 (Groundball, 4, EV 86.2 MPH)
|
Batting: RHB Tony Jennings
|
0-0: Ball 1-0: DOUBLE (Groundball, 5L, EV 101.2 MPH) Tan Halit to third
|
Batting: RHB Mike Storey
|
0-0: Fly out, F9 (Flyball, 9LS, EV 86.2 MPH)
|
Bottom of the 9th over - 0 runs, 2 hits, 0 errors, 2 left on base; Stanford University 2 - University of North Carolina at Chapel Hill 0 |
|